 Dungeon Crawl Stone Soup version 0.17-a0-1636-g3119f2b (webtiles) character file.

139750 Kidiri the Peltast (level 17, -8/109 HPs)
             Began as a Gargoyle Fighter on Aug 6, 2015.
             Was a High Priest of Okawaru.
             Killed from afar by a crystal guardian (14 damage)
             ... with a crystal bolt
             ... on level 3 of the Elven Halls.
             The game lasted 02:21:00 (32739 turns).

Kidiri the Peltast (Gargoyle Fighter)              Turns: 32739, Time: 02:21:00

Health: -8/109     AC: 44    Str: 23    XL:     17   Next: 29%
Magic:  23/24      EV: 19    Int: 15    God:    Okawaru [*****.]
Gold:   203        SH: 20    Dex: 19    Spells: 0 memorised, 16 levels left

rFire  . . .     SeeInvis +     O - +6 demon whip (freeze)
rCold  . . .     Clarity  +     D - +1 plate armour of Okawaru's Benevolence {*Corrode rPois MR- Dex+3}
rNeg   + . .     SustAt   .     W - +1 shield {reflect}
rPois  ∞         Gourm    .     u - +1 helmet
rElec  +         Spirit   .     P - +2 cloak
rCorr  .         Warding  .     V - +2 pair of gloves of the Peculiar Spirits {rPois Int+3}
rMut   .         Stasis   .     M - +0 pair of boots {Fly}
MR     +....                    m - amulet of regeneration
Stlth  ..........               U - ring "Pyuc" {+Fly Int+4 Slay+2 SInv}
                                C - ring of protection from magic

@: about to teleport, heroism, finesse, corroded equipment, flying, somewhat
resistant to hostile enchantments, extremely unstealthy
A: big wings, repulsion field 1, large bone plates 1, rugged brown scales 1,
agile 2, blurry vision 1, clarity, negative energy resistance 1, electricity
resistance, weak 1, unbreathing, evolution 1, petrification resistance, rot
immunity, AC +12
a: Stop Flying, Heroism, Finesse, Renounce Religion


You were on level 3 of the Elven Halls.
You worshipped Okawaru.
Okawaru was extremely pleased with you.
You were very full.

You visited 5 branches of the dungeon, and saw 28 of its levels.

You collected 3060 gold pieces.
You spent 2857 gold pieces at shops.

Inventory:

Hand weapons
 y - the +3 whip of Savaciaw {elec, Int+3}
   (You found it on level 7 of the Dungeon)

   Occasionally, upon striking a foe, it will discharge some electrical energy
   and cause terrible harm.
   It affects your intelligence (+3).
 O - a +6 demon whip of freezing (weapon)
Missiles
 K - 4 throwing nets (quivered)
Armour
 u - a +1 helmet (worn)
 D - the +1 plate armour of Okawaru's Benevolence (worn) {*Corrode rPois MR- Dex+3}
   (Okawaru gifted it to you on level 1 of the Lair of Beasts)

   It affects your dexterity (+3).
   It protects you from poison.
   It affects your resistance to hostile enchantments.
   It may corrode your equipment when you take damage.
 M - a +0 pair of boots of flying (worn)
 P - a +2 cloak (worn)
 V - the +2 pair of gloves of the Peculiar Spirits (worn) {rPois Int+3}
   (You bought it in a shop on level 4 of the Orcish Mines)

   It affects your intelligence (+3).
   It protects you from poison.
 W - a +1 shield of reflection (worn)
Jewellery
 m - an amulet of regeneration (around neck)
 t - an uncursed ring of protection from cold
 B - an uncursed ring of positive energy
 C - a ring of protection from magic (left hand)
 N - a +1 ring of evasion
 U - the ring "Pyuc" (right hand) {+Fly Int+4 Slay+2 SInv}
   (You bought it in a shop on level 4 of the Orcish Mines)

   [ring of see invisible]

   It affects your intelligence (+4).
   It affects your accuracy and damage with ranged weapons and melee attacks
   (+2).
   It lets you see invisible.
   It lets you fly.
 Z - an uncursed amulet of stasis
Magical devices
 c - a wand of polymorph (14)
 f - a wand of fireball (7)
 i - a wand of teleportation (8)
 p - a wand of slowing (13)
 q - a wand of fire (15)
 w - a wand of polymorph (9)
 x - a wand of draining (7)
 F - a wand of lightning (0)
 H - a wand of flame (26)
 J - a wand of paralysis (13)
 L - a wand of frost (27)
 R - a wand of fireball (4)
 X - a wand of slowing (16)
Scrolls
 a - 9 scrolls of teleportation
 b - 2 scrolls of amnesia
 k - 2 scrolls of magic mapping
 l - 10 scrolls of remove curse
 E - 4 scrolls of fog
 I - 2 scrolls of fear
 T - 5 scrolls of recharging
Potions
 d - 3 potions of brilliance
 h - 3 potions of curing
 j - a potion of haste
 o - 2 potions of lignification
 r - 2 potions of cancellation
 v - 4 potions of might
 z - a potion of berserk rage
 G - 3 potions of agility
Comestibles
 e - 8 bread rations
 g - 2 meat rations
 n - 5 beef jerkies
 s - 10 slices of pizza
 A - 3 chunks of flesh


   Skills:
 + Level 11.9(16.9) Fighting
 * Level 14.8(19.8) Maces & Flails
 * Level 15.6(20.6) Armour
 + Level 8.9(13.9) Dodging
 * Level 16.0(21.0) Shields
 - Level 10.0 Invocations


You had 16 spell levels left.
You didn't know any spells.

Dungeon Overview and Level Annotations

Branches:
Dungeon (12/15)            Temple (1/1) D:5            Lair (8/8) D:10
  Swamp (0/4) Lair:5        Snake (0/4) Lair:6        Slime (0/6) Lair:6
    Orc (4/4) D:12            Elf (3/3) Orc:4

Altars:
Ashenzari
Cheibriados
Dithmenos
Elyvilon
Fedhas
Gozag
Kikubaaqudgha
Makhleb
Nemelex Xobeh
Okawaru
Qazlal
Ru
Sif Muna
Trog
Vehumet
Xom
Yredelemnul
Zin
The Shining One
Beogh

Shops:
D:6 [   Orc:4 [=(?   Elf:2 ?*

Portals:
Trove: D:12 (give 2 potions of cure mutation)


Innate Abilities, Weirdness & Mutations

You are resistant to torment.
Your stone body is resilient (AC +12).
You are immune to poison.
Your large and strong wings let you fly indefinitely.
You resist negative energy.
You are resistant to electric shocks.
You can survive without breathing.
You are immune to petrification.
You are immune to rotting.
You are surrounded by a mild repulsion field (EV +2).
You are partially covered in large bone plates (AC +2, SH +2).
You are partially covered in rugged brown scales (AC +1, +3% HP).
You are very agile. (Dex +4)
Scrolls take you a little longer to read.
You possess an exceptional clarity of mind.
You are weak. (Str -2)
You evolve.


Message History

The crystal guardian is moderately damaged.
Evoke which item? (* to show all) (? for menu, Esc to quit)
Zapping:
i - a wand of teleportation (9)
Press: ? - help, Shift-Dir - straight line, f - you, p - crystal guardian You feel strangely unstable.
This wand has 8 charges left.
The crystal guardian fires a crystalline bolt at you.
The crystal bolt burns you!
* * * LOW HITPOINT WARNING * * *
The deep elf annihilator casts a spell.
The deep elf annihilator blinks!
Drink which item? (? for menu, Esc to quit)
You feel better.
The crystal guardian fires a crystalline bolt at you.
The crystal bolt freezes you!
* * * LOW HITPOINT WARNING * * *
The crystal guardian fires a crystalline bolt at you.
The crystal bolt burns the crystal guardian.
The crystal guardian completely resists.
The crystal bolt burns you!
You die...

≈≈≈≈≈≈≈≈≈≈≈≈≈≈≈≈≈≈≈≈≈≈≈≈≈≈≈≈≈≈≈≈≈
≈≈≈≈≈≈≈≈≈≈≈≈≈≈≈≈≈≈≈≈≈≈≈≈≈≈≈≈≈≈≈≈≈
#################################
.................................
..(..............................
#####'#########'#######'######'##
......))..'........'.........'...
....).)...#........#.........#...
..........#.....@).#.........#...
################8################
#.)8e.# #..ee.# ##.e.## ##e##


e.e .§... ....... You could see 2 deep elf annihilators, 2 crystal guardians, 2
deep elf priests and 3 deep elf fighters.

Vanquished Creatures
  A deep elf blademaster (Elf:3)
  Maud (Lair:3)
  2 deep elf sorcerers
  Nessos (Orc:3)
  2 deep elf annihilators (Elf:3)
  2 deep elf demonologists
  2 crystal guardians (Elf:3)
  Snorg (Lair:4)
  An ettin (Orc:4)
  3 deep elf death magi
  An ogre mage (Orc:4)
  The ghost of nubinia the Fighter, a powerful HONe of Beogh (D:10)
  Harold (Lair:2)
  A deep elf high priest (Elf:3)
  An ice dragon (Lair:8)
  6 hydras
  12 dancing weapons (Elf:2)
  3 death yaks (Lair:8)
  A queen ant (Lair:6)
  2 large abominations
  Nergalle (D:12)
  18 deep elf knights
  2 deep trolls (Orc:4)
  5 deep elf summoners
  A harpy (shapeshifter) (Elf:2)
  Pikel (D:5)
  3 hill giants
  19 deep elf conjurers
  2 necromancers (Elf:1)
  A griffon (Lair:8)
  An orc knight (D:10)
  4 ugly things
  2 cyclopes (Orc:4)
  A manticore (D:11)
  17 elephants
  Maurice (D:11)
  7 black mambas
  42 spiny frogs
  Psyche (D:12)
  A torpor snail (Lair:3)
  6 fire drakes
  2 small abominations
  10 komodo dragons
  The ghost of mrath the Digger, an experienced GrEE of Vehumet (D:5)
  6 polar bears
  3 giant leeches
  22 blink frogs
  7 two-headed ogres
  12 trolls
  13 deep elf priests
  Prince Ribbit (D:6)
  A slime creature (Lair:6)
  A boulder beetle (Lair:7)
  32 yaks
  Sigmund (D:2)
  A wyvern (Lair:3)
  A human (D:7)
  6 basilisks
  24 deep elf magi
  A spriggan (Lair:7)
  7 hippogriffs
  A hog (D:7)
  18 wolves
  7 vampire mosquitoes (Lair:8)
  16 water moccasins
  Edmund (D:5)
  2 wargs (Orc:4)
  34 deep elf fighters
  12 soldier ants (Lair:6)
  15 porcupines
  6 ice beasts
  A necrophage (D:10)
  4 black bears
  A phantom (D:11)
  12 orc warriors
  A wasp (D:12)
  2 sky beasts
  26 ogres
  2 centaurs
  A big kobold (D:8)
  3 elf zombies (Elf:1)
  Blork the orc (D:5)
  11 crocodiles
  27 giant frogs
  5 scorpions
  A water moccasin skeleton (D:8)
  5 killer bees (D:8)
  5 crimson imps
  4 giant frog zombies
  A vampire bat (Orc:4)
  9 electric eels
  2 centaur zombies
  3 hounds
  32 orc wizards
  Crazy Yiuf (D:4)
  Ijyb (D:2)
  2 centaur skeletons
  2 giant frog skeletons
  5 jellies
  Natasha (thrice) (D:2)
  14 iguanas
  13 orc priests
  45 worker ants
  57 sheep
  2 hound zombies
  A hound skeleton (D:4)
  A worker ant zombie (D:5)
  Robin (D:3)
  90 river rats
  7 adders
  3 shadow imps
  2 white imps (Lair:8)
  An ooze (D:2)
  2 adder skeletons
  An adder zombie (D:7)
  4 worms
  171 orcs
  A giant cockroach (D:5)
  13 hobgoblins
  4 quokkas
  3 ball pythons
  17 bats
  5 giant geckos
  A giant gecko skeleton (D:8)
  A giant gecko zombie (D:8)
  8 giant newts
  18 goblins
  6 jackals
  A jackal skeleton (D:4)
  14 kobolds
  10 rats
  A butterfly (D:5)
  2 crawling corpses
1138 creatures vanquished.

Vanquished Creatures (others)
  An ogre mage (Orc:4)
  A yak (Lair:7)
  A water moccasin (Lair:7)
  A giant frog skeleton (D:5)
  2 orcs
  A butterfly (D:5)
  19 fungi
  13 plants
39 creatures vanquished.

Grand Total: 1177 creatures vanquished

Notes
Turn   | Place    | Note
--------------------------------------------------------------
     0 | D:1      | Kidiri the Gargoyle Fighter began the quest for the Orb.
     0 | D:1      | Reached XP level 1. HP: 14/14 MP: 1/1
   189 | D:1      | Reached XP level 2. HP: 17/19 MP: 2/2
   744 | D:2      | Gained mutation: You are weak. (Str -2) [potion of mutation]
   744 | D:2      | Gained mutation: Your body sometimes deteriorates upon taking damage. [potion of mutation]
   744 | D:2      | Gained mutation: Your large and strong wings let you fly indefinitely. [potion of mutation]
   759 | D:2      | Noticed Ijyb
   762 | D:2      | Noticed Natasha
   779 | D:2      | Killed Natasha
   779 | D:2      | Reached XP level 3. HP: 8/23 MP: 3/3
   789 | D:2      | Killed Ijyb
   789 | D:2      | Reached skill level 1 in Dodging
   789 | D:2      | Reached XP level 4. HP: 10/28 MP: 4/4
   899 | D:2      | Noticed Natasha
  1115 | D:2      | Found a stormy altar of Qazlal.
  1213 | D:2      | Noticed Sigmund
  1218 | D:2      | Killed Sigmund
  1218 | D:2      | Reached skill level 4 in Fighting
  1218 | D:2      | Reached XP level 5. HP: 28/33 MP: 5/5
  1218 | D:2      | Reached XP level 6. HP: 32/38 MP: 6/6
  1262 | D:2      | Killed Natasha
  1309 | D:2      | Noticed Natasha
  1320 | D:2      | Killed Natasha
  1950 | D:3      | Noticed Robin
  1989 | D:3      | Killed Robin
  2580 | D:3      | Found a bloodstained altar of Trog.
  3000 | D:4      | Reached skill level 5 in Armour
  3000 | D:4      | Reached skill level 5 in Shields
  3000 | D:4      | Reached XP level 7. HP: 37/43 MP: 7/7
  3242 | D:4      | Noticed Crazy Yiuf
  3254 | D:4      | Killed Crazy Yiuf
  3795 | D:4      | Gained mutation: You are agile. (Dex +2) [potion of beneficial mutation]
  3796 | D:4      | Gained mutation: You possess an exceptional clarity of mind. [potion of beneficial mutation]
  3800 | D:4      | Found a glowing golden altar of the Shining One.
  4071 | D:5      | Entered Level 5 of the Dungeon
  4071 | D:5      | Noticed Pikel
  4095 | D:5      | Killed Pikel
  4095 | D:5      | Reached skill level 5 in Maces & Flails
  4095 | D:5      | Reached skill level 6 in Armour
  4095 | D:5      | Reached XP level 8. HP: 25/48 MP: 8/8
  4302 | D:5      | Found a blossoming altar of Fedhas.
  4321 | D:5      | Found a stormy altar of Qazlal.
  4376 | D:5      | Noticed Blork the orc
  4390 | D:5      | Killed Blork the orc
  4561 | D:5      | Noticed mrath's ghost (experienced GrEE)
  4563 | D:5      | Noticed Edmund
  4596 | D:5      | Killed Edmund
  4596 | D:5      | Reached skill level 5 in Fighting
  4602 | D:5      | Killed mrath's ghost
  4602 | D:5      | Reached skill level 7 in Shields
  4602 | D:5      | Reached XP level 9. HP: 26/54 MP: 9/9
  4876 | D:5      | Found a shattered altar of Ashenzari.
  4879 | D:5      | Found a deep blue altar of Sif Muna.
  4882 | D:5      | Found a shadowy altar of Dithmenos.
  4948 | D:5      | Found a staircase to the Ecumenical Temple.
  4957 | Temple   | Entered the Ecumenical Temple
  5128 | Temple   | Became a worshipper of Warmaster Okawaru
  5362 | D:5      | Reached skill level 1 in Invocations
  6120 | D:6      | Found Vialuetau's Antique Armour Shoppe.
  6192 | D:6      | Found an ancient bone altar of Kikubaaqudgha.
  6260 | D:6      | Acquired Okawaru's first power
  6586 | D:6      | Noticed Prince Ribbit
  6603 | D:6      | Killed Prince Ribbit
  7102 | D:6      | Reached skill level 8 in Shields
  7889 | D:7      | Noticed a brown ugly thing
  8368 | D:7      | Reached XP level 10. HP: 56/60 MP: 11/11
  8750 | D:7      | Got a transparent whip
  8751 | D:7      | Identified the +3 whip of Savaciaw {elec, Int+3} (You found it on level 7 of the Dungeon)
  9977 | D:9      | Noticed a hill giant
  9990 | D:9      | Killed a hill giant
  9997 | D:9      | Reached skill level 9 in Armour
 10318 | D:9      | Found a glowing golden altar of the Shining One.
 10761 | D:10     | Entered Level 10 of the Dungeon
 10775 | D:10     | Found a staircase to the Lair.
 11054 | D:10     | Noticed nubinia's ghost (powerful HONe)
 11096 | D:10     | Killed nubinia's ghost
 11096 | D:10     | Reached XP level 11. HP: 51/67 MP: 12/14
 11570 | D:10     | Found a runed door.
 11592 | D:10     | Noticed an orc knight
 11643 | D:10     | Killed an orc knight
 12250 | D:10     | Found a roughly hewn altar of Beogh.
 12256 | D:10     | Gained mutation: You are very agile. (Dex +4) [potion of mutation]
 12382 | D:10     | Acquired Okawaru's second power
 12598 | Lair:1   | Entered Level 1 of the Lair of Beasts
 12858 | Lair:1   | Reached skill level 5 in Dodging
 12904 | Lair:1   | Reached skill level 10 in Armour
 13116 | Lair:1   | Reached skill level 10 in Shields
 13505 | Lair:1   | Received a gift from Okawaru
 13505 | Lair:1   | Reached skill level 5 in Invocations
 13506 | Lair:1   | Got a faintly humming plate armour {god gift}
 13517 | Lair:1   | Identified the +1 plate armour of Okawaru's Benevolence {*Corrode rPois MR- Dex+3} (Okawaru gifted it to you on level 1 of the Lair of Beasts)
 14506 | Lair:2   | Noticed Harold
 14530 | Lair:2   | Killed Harold
 14665 | Lair:2   | Reached XP level 12. HP: 68/73 MP: 14/16
 14874 | Lair:2   | Noticed a seven-headed hydra
 14884 | Lair:2   | Killed a seven-headed hydra
 15468 | Lair:3   | Reached skill level 10 in Maces & Flails
 15763 | Lair:3   | Reached skill level 11 in Shields
 15815 | Lair:3   | Noticed Maud
 15854 | Lair:3   | Killed Maud
 16069 | Lair:3   | Noticed a six-headed hydra
 16095 | Lair:3   | Killed a six-headed hydra
 16693 | Lair:3   | Identified a scroll of acquirement
 16747 | Lair:3   | Received a gift from Okawaru
 16929 | Lair:3   | Found a snail-covered altar of Cheibriados.
 16999 | Lair:3   | Reached XP level 13. HP: 80/80 MP: 17/17
 17938 | Lair:4   | Identified a +0 rod of inaccuracy (12/12) (You found it on level 4 of the Lair of Beasts)
 18388 | Lair:4   | Noticed Snorg
 18424 | Lair:4   | Killed Snorg
 18716 | Lair:4   | Reached skill level 12 in Shields
 19258 | Lair:4   | Received a gift from Okawaru
 19798 | Lair:5   | Got a garnet-studded scale mail
 19809 | Lair:5   | Identified the +0 scale mail of Heresy {rPois Str+2} (You acquired it on level 5 of the Lair of Beasts)
 19953 | Lair:5   | Found a staircase to the Swamp.
 20621 | Lair:6   | Received a gift from Okawaru
 20727 | Lair:6   | Gained mutation: Your spells are a little easier to cast, but a little less powerful. [potion of mutation]
 20727 | Lair:6   | Gained mutation: You evolve. [potion of mutation]
 20859 | Lair:6   | Mutation became permanent: Your large and strong wings let you fly indefinitely. [Gargoyle growth]
 20859 | Lair:6   | Reached XP level 14. HP: 84/86 MP: 19/19
 21142 | Lair:6   | Received a gift from Okawaru
 21143 | Lair:6   | Got an ancient demon trident {god gift}
 21297 | Lair:6   | Identified the +1 demon trident of Ethud {venom, +Fly rPois rC+ Int+7} (Okawaru gifted it to you on level 6 of the Lair of Beasts)
 21337 | Lair:6   | Found a staircase to the Snake Pit.
 21483 | Lair:6   | Found a staircase to the Slime Pits.
 22246 | Lair:7   | Reached skill level 13 in Shields
 22587 | Lair:7   | Lost mutation: Your body sometimes deteriorates upon taking damage. [evolution]
 22697 | Lair:7   | Received a gift from Okawaru
 22746 | Lair:7   | Reached skill level 10 in Fighting
 23133 | Lair:8   | Entered Level 8 of the Lair of Beasts
 23675 | Lair:8   | Received a gift from Okawaru
 23831 | Lair:8   | Reached XP level 15. HP: 85/92 MP: 21/21
 24840 | D:11     | Noticed Maurice
 24861 | D:11     | Killed Maurice
 24949 | D:11     | Received a gift from Okawaru
 25026 | D:11     | Gained mutation: You are frail (-10% HP). [mutagenic meat]
 25027 | D:11     | Gained mutation: You are partially covered in rugged brown scales (AC +1, +3% HP). [mutagenic meat]
 25121 | D:11     | Lost mutation: You are very agile. (Dex +4) [mutagenic meat]
 25124 | D:11     | Lost mutation: Your spells are a little easier to cast, but a little less powerful. [mutagenic meat]
 25248 | D:11     | Reached skill level 14 in Shields
 25513 | D:12     | Gained mutation: You are surrounded by a mild repulsion field (EV +2). [mutagenic meat]
 25515 | D:12     | Gained mutation: Scrolls take you a little longer to read. [mutagenic meat]
 25638 | D:12     | Found a portal to a secret trove of treasure.
 25644 | D:12     | Noticed Psyche
 25656 | D:12     | Killed Psyche
 25728 | D:12     | Noticed Nergalle
 25767 | D:12     | Killed Nergalle
 25940 | D:12     | Found a staircase to the Orcish Mines.
 26299 | Orc:1    | Entered Level 1 of the Orcish Mines
 27756 | Orc:3    | Noticed Nessos
 27788 | Orc:3    | Killed Nessos
 28058 | Orc:4    | Entered Level 4 of the Orcish Mines
 28058 | Orc:4    | Found Jaiduz's Antique Weapon Shop.
 28059 | Orc:4    | Found Sapnaofo's Antique Armour Boutique.
 28197 | Orc:4    | Received a gift from Okawaru
 28226 | Orc:4    | Got an encrusted shield {god gift}
 28237 | Orc:4    | Identified the +3 shield of the Undertaker {rElec} (Okawaru gifted it to you on level 4 of the Orcish Mines)
 28308 | Orc:4    | Found Kaveth's Magic Scroll Emporium.
 28314 | Orc:4    | Found Uwnamul's Jewellery Shop.
 28320 | Orc:4    | Bought a scroll of teleportation for 51 gold pieces
 28320 | Orc:4    | Bought a scroll of recharging for 161 gold pieces
 28320 | Orc:4    | Bought a scroll of identify for 34 gold pieces
 28320 | Orc:4    | Bought a scroll of fog for 34 gold pieces
 28320 | Orc:4    | Bought a scroll of teleportation for 51 gold pieces
 28320 | Orc:4    | Bought a scroll of identify for 34 gold pieces
 28359 | Orc:4    | Bought the ring "Pyuc" {+Fly Int+4 Slay+2 SInv} for 613 gold pieces
 28371 | Orc:4    | Bought a pair of scorched gloves for 294 gold pieces
 28381 | Orc:4    | Identified the +2 pair of gloves of the Peculiar Spirits {rPois Int+3} (You bought it in a shop on level 4 of the Orcish Mines)
 28698 | Orc:4    | Found a staircase to the Elven Halls.
 28995 | Elf:1    | Entered Level 1 of the Elven Halls
 29234 | Elf:1    | Noticed a deep elf sorcerer
 29258 | Elf:1    | Killed a deep elf sorcerer
 29258 | Elf:1    | Reached XP level 16. HP: 50/92 MP: 16/23
 29918 | Elf:1    | Reached skill level 10 in Invocations
 29955 | Elf:1    | Identified the Reference Book on Darkness
 30107 | Elf:1    | Received a gift from Okawaru
 30164 | Elf:1    | Gained mutation: You are very agile. (Dex +4) [evolution]
 30251 | Elf:2    | Reached skill level 15 in Shields
 30335 | Elf:2    | Found Ipoveonn's Elven Fire.
 30492 | Elf:2    | Found Watsan's Magic Scroll Shoppe.
 30522 | Elf:2    | Bought a scroll of acquirement for 676 gold pieces
 30522 | Elf:2    | Bought a scroll of enchant armour for 97 gold pieces
 30522 | Elf:2    | Bought a scroll of enchant weapon for 97 gold pieces
 30522 | Elf:2    | Bought a scroll of acquirement for 676 gold pieces
 30522 | Elf:2    | Bought a scroll of teleportation for 39 gold pieces
 30613 | Elf:2    | Found a runed gate.
 30613 | Elf:2    | Found a runed gate.
 30615 | Elf:2    | Found a runed gate.
 30723 | Elf:2    | Gained mutation: You are partially covered in large bone plates (AC +2, SH +2). [mutagenic meat]
 30724 | Elf:2    | Lost mutation: You are frail (-10% HP). [mutagenic meat]
 30972 | Elf:2    | Reached skill level 15 in Armour
 31349 | Elf:3    | Entered Level 3 of the Elven Halls
 32254 | Elf:3    | Reached XP level 17. HP: 94/109 MP: 24/24
 32665 | Elf:3    | Noticed a deep elf blademaster
 32677 | Elf:3    | Killed a deep elf blademaster
 32722 | Elf:3    | Reached skill level 16 in Shields
 32739 | Elf:3    | Killed from afar by a crystal guardian

Vault maps used:
D:1:      lightli_arrival_quake, minmay_misc_feat_cross
D:2:      grunt_qazlal_sundering, uniq_sigmund, uniq_natasha, uniq_iyjb
D:3:      first_bread, trog_book, uniq_robin
D:4:      nicolae_overflow_crystal_walls, uniq_crazy_yiuf_cottage
D:5:      grunt_temple_overflow_forces_of_nature, grunt_temple_overflow_diamond,
          minmay_temple_entry_butterflies, uniq_blork_the_orc, uniq_edmund,
          uniq_pikel
D:6:      lemuel_crystal_altar, serial_shops, kennysheep_little_box,
          uniq_prince_ribbit1
D:7:      grunt_livestock
D:9:      grunt_ministairs_8, hex_tiny, nicolae_tso_carved_into_rock
D:10:     lair_0_dummy, lightli_church_of_beogh
D:11:     uniq_maurice
D:12:     orc_0_dummy, enter_trove_2, uniq_psyche, uniq_nergalle
Temple:   chambers_temple_12
Lair:1:   minmay_holes, dpeg_stationary_puzzle
Lair:2:   uniq_harold
Lair:3:   beast_lair_carwin_large_2, kennysheep_snail_temple,
          grunt_megastairs_2, uniq_maud
Lair:4:   uniq_snorg
Lair:5:   minmay_swamp_entry_worms
Lair:6:   dummy_snake_entry, minmay_slime_entry_pillars, zaba_anthell,
          infiniplex_staircase_pool_2
Lair:7:   grunt_forest_stairs_clearing, lemuel_fruit_tree, serial_bayou_shore_b
Lair:8:   minmay_lair_end_frog_pond, bobbens_ice_dragon_lair,
          lemuel_fruit_fields, serial_bayou_shore_b
Orc:3:    nicolae_orc_pool_cavern, uniq_nessos
Orc:4:    st_orc_open, roderic_batcave
Elf:1:    serial_sigils, serial_sigils_hangedman_etch,
          serial_sigils_hangedman_carve, serial_sigils_hangedman_writhe,
          serial_sigils_hangedman_gnaw, serial_sigils_hangedman_leer,
          serial_sigils_hangedman_scar, minmay_elf_necromancy
Elf:2:    serial_shops, shop, guppyfry_elf_lava
Elf:3:    minmay_elf_hall_golems

Action                   |  1- 3 |  4- 6 |  7- 9 | 10-12 | 13-15 | 16-18 || total
-------------------------+-------+-------+-------+-------+-------+-------++-------
Melee: Mace              |    77 |   205 |   532 |    91 |       |       ||   905
       Flail             |     1 |       |       |       |       |       ||     1
       Whip              |       |       |       |  1157 |  1666 |       ||  2823
       Demon whip        |       |       |       |       |  1082 |   710 ||  1792
Invok: Heroism           |       |       |       |     2 |    14 |    10 ||    26
       Finesse           |       |       |       |       |     9 |     8 ||    17
Evoke: Wand              |       |       |       |     2 |     2 |     5 ||     9
  Use: Potion            |     3 |     2 |     9 |     7 |     3 |     3 ||    27
       Scroll            |     3 |     6 |     8 |     3 |    21 |     7 ||    48
 Stab: Invisible         |       |       |     2 |       |       |       ||     2
  Eat: Beef jerky        |       |     1 |     2 |       |       |       ||     3
       Chunk             |       |     1 |     7 |     5 |    40 |    13 ||    66
       Bread ration      |       |     1 |       |     1 |     2 |     1 ||     5
       Fruit             |       |       |     4 |       |     8 |       ||    12
       Meat ration       |       |       |     1 |     4 |     1 |     1 ||     7
